 Dungeon Crawl Stone Soup version 0.30.1 (webtiles) character file.

Game seed: 12750221831404064373

95 Graphine the Shooter (level 4, -5/35 HPs)
             Began as a Formicid Hunter on July 9, 2023.
             Killed by divine providence
             ... invoked by an orc priest
              (13 damage)
             ... on level 4 of the Dungeon.
             The game lasted 00:03:44 (1927 turns).

Graphine the Shooter (Formicid Hunter)              Turns: 1927, Time: 00:03:45

Health: -5/35      AC:  4    Str: 16    XL:     4   Next: 95%
Magic:  4/4        EV: 12    Int:  8    God:
Gold:   96         SH:  0    Dex: 19    Spells: 3/3 levels left

rFire   . . .        a - +0 shortbow
rCold   . . .        (no shield)
rNeg    . . .        c - +1 leather armour
rPois   .            (helmet unavailable)
rElec   .            l - scarf {+Inv}
rCorr   .            (no gloves)
SInv    +            (no boots)
Will    .....        (no amulet)
Stlth   ++           (no ring)
HPRegen 0.25/turn    (no ring)
MPRegen 0.09/turn

%: no passive effects
@: lethally poisoned (-5 -> -15)
A: permanent stasis, dig shafts and tunnels, antennae 3, four strong arms
a: Dig, Shaft Self, Evoke Invisibility


You were on level 4 of the Dungeon.
You visited 1 branch of the dungeon, and saw 4 of its levels.

You collected 96 gold pieces.

Inventory:

Hand Weapons
 a - a +0 shortbow (weapon)
Missiles
 k - 6 datura-tipped darts
Armour
 c - a +1 leather armour (worn)
 l - a scarf of invisibility (worn)
Wands
 h - a wand of polymorph (8)
Scrolls
 b - 2 scrolls of immolation
Potions
 d - 2 potions of might {unknown}
 e - 2 potions of lignification {unknown}
 f - a potion of heal wounds {unknown}
 g - a potion of flight {unknown}
 i - 2 potions of brilliance {unknown}
 j - a potion of attraction {unknown}
 m - 2 potions of curing {unknown}


   Skills:
 + Level 3.2 Fighting
 + Level 4.5 Ranged Weapons
 + Level 1.4 Armour
 + Level 2.6 Dodging
 + Level 2.0 Stealth


You had 3 spell levels left.
You didn't know any spells.
Your spell library contained the following spells:

 Spells                   Type           Power      Damage    Failure   Level
 Portal Projectile        Hex/Tloc       0%         N/A       85%         3
 Tukima's Dance           Hex            0%         N/A       85%         3
 Blade Hands              Tmut           0%         N/A       100%        5


Dungeon Overview and Level Annotations

Branches:
Dungeon (4/15)
 Temple: D:4-7

Altars:


Innate Abilities, Weirdness & Mutations

You cannot be hasted, slowed, berserked, paralysed or teleported.
You can dig through walls and to a lower floor.
You have a pair of large antennae on your head. (SInv)
Your four strong arms can wield two-handed weapons with a shield.


Message History

The water moccasin hisses angrily.
You hear a shout!
You shoot an arrow. The orc priest shouts!
The arrow hits the water moccasin!
The water moccasin is moderately wounded.
An orc comes into view.
It is wielding a +0 short sword and wearing a +2 scale mail of poison resistance.
You shoot an arrow. The arrow hits the water moccasin.
The water moccasin is heavily wounded.
You shoot an arrow.
The arrow closely misses the water moccasin.
The arrow hits the orc priest.
The orc priest is lightly wounded.
The water moccasin bites you!
You shoot an arrow.
The arrow hits the water moccasin but does no damage.
The water moccasin is heavily wounded.
The water moccasin completely misses you.
The water moccasin misses you.
You shoot an arrow. The arrow hits the water moccasin.
The water moccasin is heavily wounded.
The water moccasin bites you.
The orc priest calls down the wrath of Beogh upon you.
Beogh smites you!
* * * LOW HITPOINT WARNING * * *
The water moccasin bites you but does no damage.
Okay, then.
You are too injured to fight recklessly!
Fire: a) +0 shortbow
Press: ? - help, Q - select action, (/) - cycle Shift-Dir - straight line, f/p - water moccasin
Aim: a water moccasin (heavily wounded, 48% to hit)
You shoot an arrow.
The arrow completely misses the water moccasin.
The arrow closely misses the orc priest.
The water moccasin bites you.
* * * LOW HITPOINT WARNING * * *
You are lethally poisoned!
The water moccasin poisons you!
The orc priest calls down the wrath of Beogh upon you.
Beogh smites you!
You die...

.. ... .. ... .... ...
.... ... ...##.## #...
##.. ...#$..# #.. ..#
#.....# .. #. ##.# #....#
. ## ....##..###o..## .##.
#. #........So..#####...
## ....##.#..@##.......#
#. .
##....##......########
###..............#.##..
#..................##.#
##.##..................#
#.#8.8#...####...........#
#..........# ##.........##
###8.8#.>### ##...##...#
##.##..# ##.###....#


You could see a water moccasin, an orc priest and an orc.

Vanquished Creatures
  Jessica (D:2)
  2 adders (D:2)
  A dart slug (D:1)
  An orc (D:3)
  3 ball pythons
  3 endoplasms
  3 giant cockroaches
  9 goblins
  2 hobgoblins (D:1)
  2 jackals (D:3)
  3 kobolds
  2 quokkas
  7 bats
  2 frilled lizards
  3 rats
44 creatures vanquished.

Notes
Turn   | Place    | Note
-------+----------+-------------------------------------------
     0 | D:1      | Graphine the Formicid Hunter began the quest for the Orb.
     0 | D:1      | Reached XP level 1. HP: 16/16 MP: 1/1
   106 | D:1      | Reached XP level 2. HP: 23/23 MP: 2/2
   598 | D:1      | Reached XP level 3. HP: 28/28 MP: 3/3
   818 | D:2      | Noticed Jessica
   824 | D:2      | Killed Jessica
   825 | D:2      | Reached skill level 1 in Armour
   825 | D:2      | Reached XP level 4. HP: 34/34 MP: 4/4
  1920 | D:4      | Noticed a water moccasin
  1927 | D:4      | Killed from afar by an orc priest

Illustrated notes

Levels and vault maps discovered:
D:1:      scummos_arrival_simple_fountains, layout_loops_ring,
          minmay_misc_feat_cross
D:2:      layout_loops_ring, serial_aquarium, aquarium_bridge_square
          [aquarium_subvault_bridge, aquarium_subvault_bridge,
          aquarium_subvault_wall, aquarium_subvault_wall],
          aquarium_bridge_island_small [aquarium_subvault_small_water,
          aquarium_subvault_bridge, aquarium_subvault_wall,
          aquarium_subvault_wall, aquarium_subvault_bridge], aquarium_window_2,
          aquarium_window_corridor_1, aquarium_window_fake, aquarium_view_2c,
          aquarium_balcony_3a, aquarium_pool_side, uniq_jessica
D:3:      layout_rooms
D:4:      layout_cave_pools, nicolae_uskayaw_dance_hall, temple_pool_b,
          small_statue_intersection

Skill      XL: |  1  2  3  4 |
---------------+-------------+-----
Dodging        | 2 |  2.6
Stealth        | 2 |  2.0
Armour         | 1 |  1.4
Fighting       | 3 |  3.2
Ranged Weapons | |  4.5

Action                     |  1- 3 |  4- 6 || total
---------------------------+-------+-------++-------
   Fire: Shortbow          |    55 |    42 ||    97
Ability: Dig               |     2 |       ||     2
    Use: Scroll            |     2 |     2 ||     4
 Armour: Leather armour    |     7 |     3 ||    10
  Dodge: Dodged            |    14 |     6 ||    20
